 Dungeon Crawl Stone Soup version 0.22-a0-608-g8a62e23 (webtiles) character file.

50 Hebeh the Firebug (level 3, 0/20 HPs)
             Began as a Deep Elf Fire Elementalist on July 9, 2018.
             Killed by divine providence
             ... invoked by an orc priest
              (13 damage)
             ... on level 3 of the Dungeon.
             The game lasted 00:12:40 (1972 turns).

Hebeh the Firebug (Deep Elf Fire Elementalist)      Turns: 1972, Time: 00:12:41

Health: 0/20       AC:  2    Str:  6    XL:     3   Next: 55%
Magic:  2/10       EV: 13    Int: 19    God:
Gold:   143        SH:  0    Dex: 15    Spells: 0/9 levels left

rFire    . . .     SeeInvis .   b - +0 hunting sling
rCold    . . .     Gourm    .   (no shield)
rNeg     . . .     Faith    .   d - +0 robe
rPois    .         Spirit   .   (no helmet)
rElec    .         Reflect  .   (no cloak)
rCorr    .         Harm     .   (no gloves)
MR       .....                  (no boots)
Stlth    ++........             (no amulet)
HPRegen  0.06/turn              (no ring)
MPRegen  0.12/turn              (no ring)

@: very slightly contaminated
A: no striking features
a: no special abilities


You were on level 3 of the Dungeon.
You were not hungry.

You visited 1 branch of the dungeon, and saw 3 of its levels.

You collected 143 gold pieces.

Inventory:

Hand Weapons
 a - a +2 hand axe of flaming
 b - a +0 hunting sling (weapon)
 o - a +1 short sword
Missiles
 e - 3 stones (quivered)
Armour
 d - a +0 robe (worn)
Jewellery
 f - an uncursed amulet of regeneration {unknown}
 g - an uncursed amulet of rage {unknown}
Scrolls
 h - a scroll of blinking
 j - a scroll of magic mapping
 l - a scroll of identify {unknown}
Potions
 i - a potion of cancellation {unknown}
 k - a potion of agility {unknown}
 m - a potion of brilliance {unknown}
Comestibles
 c - 4 rations


   Skills:
 + Level 0.5 Fighting
 - Level 2.4 Dodging
 - Level 2.4 Stealth
 * Level 3.8 Spellcasting
 * Level 2.2 Conjurations
 * Level 4.0 Fire Magic


You couldn't memorise any spells.
You knew the following spells:

 Your Spells              Type           Power        Failure   Level  Hunger
a - Flame Tongue          Conj/Fire      ###..        4%          1    None
b - Throw Flame           Conj/Fire      ###...       6%          2    ##.....
c - Conjure Flame         Conj/Fire      ###.....     12%         3    ###....
d - Inner Flame           Hex/Fire       ##......     19%         3    ###....

Your spell library contained the following spells:

 Spells                   Type           Power        Failure   Level  Hunger
 Fireball                 Conj/Fire      ###.......   73%         5    ######.
 Sticky Flame             Conj/Fire      ###.....     36%         4    ####...


Dungeon Overview and Level Annotations

Branches:
Dungeon (3/15)

Altars:
Okawaru
The Shining One


Message History

Press: ? - help, Shift-Dir - straight line, f/p - orc wizard
Aim: an orc wizard, wielding a dagger and wearing a robe (fast, inner flame)
You shoot a stone. The stone barely misses the goblin.
The stone hits the orc wizard but does no damage.
The goblin barely misses you.
Firing (i - inventory)
e - 4 stones (quivered)
Press: ? - help, Shift-Dir - straight line, f/p - goblin
Aim: a goblin You shoot a stone.
The stone misses the orc wizard.
The orc wizard closely misses you.
The orc hits you from afar with a trident.
The goblin closely misses you. The orc wizard hits you with a dagger.
The orc priest miscasts a cantrip.
The goblin hits you but does no damage. The orc wizard closely misses you.
You see here a tomahawk.
The orc priest calls down the wrath of Beogh upon you.
Beogh smites you!
Ouch! That really hurt!
You die...

#...............#
#...............#
##...............####
.......<†...........#
#...................#
##..................#
##.............#...#
##...........?....#
#.........@#>....#
#..>.(..###o..#).
<...........og.#
............o...#
#.........goo.).#
..........(....#
..............#
..............
...............


You could see an orc priest, an orc wizard (inner flame), 3 orcs and 2 goblins.

Vanquished Creatures
  3 dart slugs
  A leopard gecko (D:2)
  4 orcs (D:2)
  5 bats (D:1)
  9 goblins
  5 hobgoblins (D:1)
  3 frilled lizards (D:1)
  A kobold (D:3)
  7 rats
38 creatures vanquished.

Notes
Turn   | Place    | Note
-------+----------+-------------------------------------------
     0 | D:1      | Hebeh the Deep Elf Fire Elementalist began the quest for the Orb.
     0 | D:1      | Reached XP level 1. HP: 10/10 MP: 6/6
   176 | D:1      | Reached XP level 2. HP: 12/15 MP: 0/8
   886 | D:1      | Reached XP level 3. HP: 19/19 MP: 6/10
   929 | D:1      | Found a glowing golden altar of the Shining One.
   970 | D:1      | Learned a level 2 spell: Throw Flame
   974 | D:1      | Learned a level 3 spell: Conjure Flame
   978 | D:1      | Learned a level 3 spell: Inner Flame
  1310 | D:2      | Found an iron altar of Okawaru.
  1677 | D:2      | Reached skill level 4 in Fire Magic
  1972 | D:3      | Killed from afar by an orc priest

Vault maps used:
D:1:      minmay_arrival_plants_in_alcoves, tso_altar
D:2:      okawaru_gym_becter, first_ration

Skill      XL: |  1  2  3 |
---------------+----------+-----
Conjurations   | 2 |  2.2
Fire Magic     | 4 |  4.0
Fighting       | |  0.5
Dodging        | |  2.4
Stealth        | |  2.4
Spellcasting   | |  3.8

Action                   || total
-------------------------++-------
Melee: Unarmed           ||     7
       Hand axe          ||     1
 Fire: Hunting sling     ||     8
 Cast: Flame Tongue      ||    66
       Throw Flame       ||     2
       Inner Flame       ||     1
  Use: Scroll            ||     7
  Eat: Chunk             ||     2
       Ration            ||     1
Armor: Robe              ||    10
Dodge: Dodged            ||    40

Table legend:
 A = Spawn XP
 B = Non-spawn XP
 C = Spawn XP percentage of total XP
 D = Spawn monster count
 E = Non-spawn monster count
 F = Spawn count percentage of total count
 G = Total turns spent on level
                    A         B        C        D         E        F      G
               +---------+---------+-------+---------+---------+-------+---------
         Total |       0 |      72 |   0.0 |       0 |      38 |   0.0 |  1972
               +---------+---------+-------+---------+---------+-------+---------
           D:1 |       0 |      41 |   0.0 |       0 |      24 |   0.0 |   979
           D:2 |       0 |      30 |   0.0 |       0 |      13 |   0.0 |   955
           D:3 |       0 |       1 |   0.0 |       0 |       1 |   0.0 |    38
               +---------+---------+-------+---------+---------+-------+---------
